 Dungeon Crawl Stone Soup version 0.30.0-16-gbe6223bb7e (webtiles) character file.

Game seed: 4437205178519985051

75 mkat the Slasher (level 4, -7/37 HPs)
             Began as a Minotaur Wanderer on May 20, 2023.
             Mangled by a gnoll
             ... wielding a +0 halberd
              (13 damage)
             ... on level 3 of the Dungeon.
             The game lasted 00:06:06 (1879 turns).

mkat the Slasher (Minotaur Wanderer)                Turns: 1879, Time: 00:06:07

Health: -7/37      AC:  3    Str: 17    XL:     4   Next: 11%
Magic:  2/5        EV: 12    Int:  6    God:
Gold:   197        SH:  0    Dex: 14    Spells: 4/6 levels left

rFire   . . .        a - +0 falchion
rCold   . . .        (no shield)
rNeg    . . .        n - +0 robe
rPois   .            (helmet restricted)
rElec   .            (no cloak)
rCorr   .            p - +0 pair of gloves
SInv    .            (no boots)
Will    +....        (no amulet)
Stlth   +            d - +4 ring of slaying
HPRegen 0.26/turn    q - ring of willpower
MPRegen 0.09/turn

%: no passive effects
@: no status effects
A: horns 2, retaliatory headbutt
a: no special abilities


You were on level 3 of the Dungeon.
You visited 1 branch of the dungeon, and saw 3 of its levels.

You collected 197 gold pieces.

Inventory:

Hand Weapons
 a - a +0 falchion (weapon)
 b - a +0 sling
Armour
 n - a +0 robe (worn)
 p - a +0 pair of gloves (worn)
Jewellery
 d - a +4 ring of slaying (left hand)
 q - a ring of willpower (right hand)
Scrolls
 h - 2 scrolls of blinking {unknown}
 i - a scroll of magic mapping {unknown}
 j - 2 scrolls of amnesia {unknown}
 k - a scroll of vulnerability {unknown}
 o - a scroll of teleportation {unknown}
Potions
 c - a potion of lignification
 e - 2 potions of haste
 f - a potion of ambrosia {unknown}
 g - 2 potions of heal wounds
 l - a potion of brilliance {unknown}
 m - a potion of attraction {unknown}


   Skills:
 + Level 2.5 Fighting
 + Level 3.0 Long Blades
 + Level 0.4 Armour
 + Level 2.8 Dodging
 + Level 1.7 Spellcasting
 + Level 2.7 Necromancy


You had 4 spell levels left.
You knew the following spells:

 Your Spells              Type           Power      Damage    Failure   Level
a - Necrotise             Necr           12%        1d4       14%         1
b - Beastly Appendage     Tmut           0%         N/A       38%         1

Your spell library contained the following spells:

 Spells                   Type           Power      Damage    Failure   Level
 Vampiric Draining        Necr           3%         2d6       38%         3
 Wereblood                Tmut           0%         N/A       54%         2
 Spider Form              Tmut/Pois      0%         N/A       77%         3
 Anguish                  Hex/Necr       1%         N/A       94%         4


Dungeon Overview and Level Annotations

Branches:
Dungeon (3/15)

Altars:


Innate Abilities, Weirdness & Mutations

You have a pair of horns on your head.
You reflexively headbutt those who attack you in melee.


Message History

You see here 5 stones. 2 gnolls come into view.
Fire: b) +0 sling
Press: ? - help, Q - select action, (/) - cycle Shift-Dir - straight line, f - gnoll
Aim: a gnoll, wielding a +0 flail (asleep, 98% to hit)
You shoot a sling bullet. The sling bullet hits the gnoll.
The gnoll shouts!
The gnoll is heavily wounded.
The gnoll shouts!
You hear a shout!
A gnoll comes into view. It is wielding a +0 spear.
A gnoll comes into view. It is wielding a +0 halberd.
a - a +0 falchion (weapon)
Casting: Necrotise (safe; 14% risk of failure)
Confirm with . or Enter, or press ? or * to list all spells.
Aiming: Necrotise (safe; 14% risk of failure)
Press: ? - help, Shift-Dir - straight line, f/p - gnoll
Aim: a gnoll, wielding a +0 flail (heavily wounded, chance to affect: 52%)
The gnoll writhes in agony.
The gnoll hits you with a +0 flail.
You hit the gnoll but do no damage.
The gnoll is severely wounded.
The gnoll hits you from afar with a +0 halberd!
The gnoll barely misses you. You furiously retaliate!
You headbutt the gnoll!
You kill the gnoll!
You have reached level 4!
You feel agile.
Aiming: Necrotise (safe; 14% risk of failure)
Press: ? - help, Q - select action, (/) - cycle Shift-Dir - straight line, f - gnoll
Aim: a gnoll, wielding a +0 halberd (chance to affect: 52%)
The gnoll writhes in agony.
Aiming: Necrotise (safe; 14% risk of failure)
Press: ? - help, Q - select action, (/) - cycle Shift-Dir - straight line, f/p - gnoll
Aim: a gnoll, wielding a +0 halberd (lightly wounded, chance to affect: 52%)
The gnoll writhes in agony.
The gnoll hits you with a +0 halberd!
You hit the gnoll but do no damage.
The gnoll is lightly wounded.
The gnoll hits you from afar with a +0 spear!
* * * LOW HITPOINT WARNING * * *
The gnoll hits you with a +0 halberd!
You die...

### ######.####### #########
...#..ggg@..# #.......#
####.##.#####(###.#####.#
#....g..# #........##>#
#.##.#### #####.##.##)# #.#
####.......# #.....)g#
#######..........# ##.......
#.......##.......#
#........##.......##.......#
#..#.##..##.......##.......#


You could see 3 gnolls.

Vanquished Creatures
  A gnoll (D:3)
  An adder (D:2)
  2 worms
  A dart slug (D:2)
  4 endoplasms
  2 giant cockroaches
  7 goblins
  5 hobgoblins
  4 kobolds
  2 quokkas (D:1)
  8 ball pythons
  4 bats
  3 rats (D:1)
44 creatures vanquished.

Vanquished Creatures (collateral kills)
  A kobold (D:1)
1 creature vanquished.

Grand Total: 45 creatures vanquished

Notes
Turn   | Place    | Note
-------+----------+-------------------------------------------
     0 | D:1      | mkat the Minotaur Wanderer began the quest for the Orb.
     0 | D:1      | mkat set off with the following items: a +0 falchion, a +0
                  | pair of gloves, a potion of lignification, a +0 leather
                  | armour; and the following spell memorised: Necrotise; and
                  | the following spells available to memorise: Vampiric
                  | Draining, Anguish.
     0 | D:1      | Reached XP level 1. HP: 18/18 MP: 1/1
   138 | D:1      | Reached XP level 2. HP: 19/25 MP: 0/2
   897 | D:2      | Reached XP level 3. HP: 28/30 MP: 0/3
  1404 | D:2      | Learned a level 1 spell: Beastly Appendage
  1801 | D:3      | Reached skill level 3 in Long Blades
  1867 | D:3      | Reached XP level 4. HP: 19/37 MP: 3/5
  1879 | D:3      | Mangled by a gnoll

Illustrated notes

Levels and vault maps discovered:
D:1:      mrwooster_arrival_arrow, layout_loops_ring
D:2:      layout_loops_cross
D:3:      layout_loops_cross, lightli_temple_of_fire, hangedman_feature_mirror,
          reono_crystal_passage, uniq_crazy_yiuf_cottage

Skill      XL: |  1  2  3 |
---------------+----------+-----
Long Blades    | 3 |  3.0
Fighting       | |  2.5
Armour         | |  0.4
Dodging        | |  2.8
Spellcasting   | |  1.7
Necromancy     | |  2.7

Action                     |  1- 3 |  4- 6 || total
---------------------------+-------+-------++-------
  Melee: Falchion          |    63 |     1 ||    64
         Headbutt          |     9 |       ||     9
   Fire: Sling             |     1 |       ||     1
   Cast: Necrotise         |    44 |     2 ||    46
    Use: Scroll            |     3 |       ||     3
 Armour: Leather armour    |    16 |       ||    16
  Dodge: Dodged            |    32 |       ||    32
